 Dungeon Crawl Stone Soup version 0.27.0-1-g7a089689b8 (webtiles) character file.

Game seed: 16964807650894348578

22 tovald2 the Skirmisher (level 2, -14/27 HPs)
             Began as a Draconian Abyssal Knight on Aug 16, 2021.
             Was a Believer of Lugonu.
             Demolished by an ogre (22 damage)
             ... on level 2 of the Dungeon.
             The game lasted 00:06:14 (1440 turns).

tovald2 the Skirmisher (Draconian Abyssal Knight)   Turns: 1440, Time: 00:06:15

Health: -14/27     AC:  4    Str: 14    XL:     2   Next: 68%
Magic:  0/3        EV: 12    Int: 18    God:    Lugonu [**....]
Gold:   92         SH:  0    Dex: 10    Spells: 0/1 levels left

rFire    . . .     SeeInvis .   e - staff of cold
rCold    + . .     Faith    .   (no shield)
rNeg     . . .     Spirit   .   (armour unavailable)
rPois    .         Reflect  .   (helmet restricted)
rElec    .         Harm     .   (no cloak)
rCorr    .         Rampage  .   (no gloves)
Will     .....                  (no boots)
Stlth    +.........             (no amulet)
HPRegen  0.09/turn              f - +6 ring of intelligence
MPRegen  0.08/turn              (no ring)

@: very slightly contaminated
A: AC +4, unfitting armour, cold-blooded
a: Renounce Religion, Depart the Abyss, Bend Space


You were on level 2 of the Dungeon.
You worshipped Lugonu.
Lugonu was pleased with you.
You visited 1 branch of the dungeon, and saw 2 of its levels.
You visited the Abyss 1 time.

You collected 92 gold pieces.

Inventory:

Hand Weapons
 a - a +1 mace
Missiles
 b - 15 poisoned darts
Magical Staves
 e - a staff of cold (weapon)
Jewellery
 f - a +6 ring of intelligence (left hand)
Scrolls
 c - a scroll of magic mapping
 d - a scroll of acquirement {unknown}
 h - a scroll of teleportation
 i - a scroll of brand weapon {unknown}
Potions
 g - 2 potions of heal wounds {unknown}


   Skills:
 * Level 3.8 Fighting
 - Level 2.2 Maces & Flails
 * Level 0.4(1.4) Staves
 + Level 2.2 Dodging
 - Level 0.6 Stealth
 * Level 0.3 Ice Magic
 + Level 2.0 Invocations


You couldn't memorise any spells.
You knew the following spells:

 Your Spells              Type           Power      Damage    Failure   Level
a - Sting                 Tmut/Pois      0%         1d3       22%         1

Your spell library contained the following spells:

 Spells                   Type           Power      Damage    Failure   Level
 Poisonous Vapours        Pois/Air       0%         N/A       32%         2
 Olgreb's Toxic Radiance  Pois           0%         N/A       91%         4


Dungeon Overview and Level Annotations

Branches:
Dungeon (2/15)

Altars:


Innate Abilities, Weirdness & Mutations

Your plain brown scales are hard. (AC +4)
You cannot fit into any form of body armour.
You are cold-blooded and may be slowed by cold attacks.


Message History

Aim: an ogre, wielding a +0 giant club (moderately wounded, 83% to hit)
The sting hits the ogre but does no damage.
The ogre is poisoned.
The ogre is moderately wounded.
The ogre looks more healthy.
Things that are here:
a +0 short sword of electrocution; a kobold corpse The ogre barely misses you.
There is an open door here.
Casting: Sting (safe; 22% risk of failure)
Confirm with . or Enter, or press ? or * to list all spells.
Aiming: Sting (safe; 22% risk of failure)
Press: ? - help, Shift-Dir - straight line, f/p - ogre
Aim: an ogre, wielding a +0 giant club (heavily wounded, 83% to hit)
The sting hits the ogre.
The ogre is poisoned.
The ogre is heavily wounded.
The ogre misses you.
Casting: Sting (safe; 22% risk of failure)
Confirm with . or Enter, or press ? or * to list all spells.
Aiming: Sting (safe; 22% risk of failure)
Press: ? - help, Shift-Dir - straight line, f/p - ogre
Aim: an ogre, wielding a +0 giant club (severely wounded, poisoned, 83% to hit)
You miscast Sting.
You are very lightly contaminated with residual magic.
Nothing appears to happen.
The ogre looks more healthy.
You barely miss the ogre.
The ogre is severely wounded.
The ogre closely misses you.
An ogre is nearby!
Casting: Sting (safe; 22% risk of failure)
Confirm with . or Enter, or press ? or * to list all spells.
Aiming: Sting (safe; 22% risk of failure)
Press: ? - help, Shift-Dir - straight line, f/p - ogre
Aim: an ogre, wielding a +0 giant club (severely wounded, 83% to hit)
Okay, then.
Space bends around you!
You blink.
The ogre hits you with a +0 giant club!!
Ouch! That really hurt!
You die...

###############
#......ยง......#
#......O......#
#......@......#
#.............#
#.............# #######
#.............# ...>...
#.............# .K.....
#.............# .......
#.............# .......
#.............##...O...
########'#.....'.......


You could see an ogre.

Vanquished Creatures
  3 ball pythons
  2 endoplasms (D:1)
  3 goblins
  A hobgoblin (D:1)
  2 bats (D:1)
  A frilled lizard (D:1)
  5 kobolds
  4 rats (D:1)
21 creatures vanquished.

Notes
Turn   | Place    | Note
-------+----------+-------------------------------------------
     0 | Abyss:1  | tovald2 the Draconian Abyssal Knight began the quest for
                  | the Orb.
     0 | Abyss:1  | Reached XP level 1. HP: 19/19 MP: 2/2
    54 | D:1      | Escaped the Abyss
   351 | D:1      | Reached XP level 2. HP: 20/26 MP: 3/3
   837 | D:1      | Reached ** piety under Lugonu
  1207 | D:2      | Learned a level 1 spell: Sting
  1337 | D:2      | Noticed an ogre
  1440 | D:2      | Demolished by an ogre

Illustrated notes

Levels and vault maps discovered:
D:1:      grunt_arrival_crossed_arrows, layout_basic, minmay_pentomino_x2
D:2:      layout_basic, basic_altar, serial_shops, shop, hangedman_decor_growths

Action                   || total
-------------------------++-------
Melee: Mace              ||    21
       Tailslap          ||     5
       Staff             ||    42
 Cast: Sting             ||     7
Invok: Bend Space        ||     1
  Use: Scroll            ||     3
 Stab: Sleeping          ||     2
Armor: Skin              ||    17
Dodge: Dodged            ||    42
